 Dungeon Crawl Stone Soup version 0.20.1-1-g8b1a95d (webtiles) character file.

22 LORDOFBUTT the Chopper (level 2, 0/27 HPs)
             Began as a Hill Orc Monk on Dec 2, 2017.
             Slain by an adder (3 damage)
             ... on level 2 of the Dungeon.
             The game lasted 00:01:13 (752 turns).

LORDOFBUTT the Chopper (Hill Orc Monk)               Turns: 752, Time: 00:01:14

Health: 0/27       AC:  2    Str: 11    XL:     2   Next: 91%
Magic:  2/2        EV: 13    Int: 10    God:
Gold:   108        SH:  0    Dex: 13    Spells: 1/1 levels left

rFire    . . .     SeeInvis .   a - +0 hand axe
rCold    . . .     Gourm    .   (no shield)
rNeg     . . .     Faith    .   b - +0 robe
rPois    .         Spirit   .   (no helmet)
rElec    .         Reflect  .   (no cloak)
rCorr    .         Harm     .   (no gloves)
MR       .....                  (no boots)
Stlth    ++........             (no amulet)
Regen    0.5/turn               (no ring)
MPRegen  0.1/turn               (no ring)

@: lethally poisoned (0 -> -4), flying
A: talons 1, regeneration 1, weak 1
a: no special abilities


You were on level 2 of the Dungeon.
You were not hungry.

You visited 1 branch of the dungeon, and saw 2 of its levels.

You collected 108 gold pieces.

Inventory:

Hand Weapons
 a - a +0 hand axe (weapon)
Armour
 b - a +0 robe (worn)
Jewellery
 n - an uncursed ring of ice {unknown}
Scrolls
 g - 2 scrolls of enchant weapon
 h - 2 scrolls of teleportation {unknown}
 i - 3 scrolls of identify
 j - a scroll of magic mapping {unknown}
 m - a scroll of noise {unknown}
Books
 o - a book of Changes

   Spells                             Type                      Level
   a - Beastly Appendage              Transmutation                1
   b - Sticks to Snakes               Transmutation                2
   c - Spider Form                    Transmutation/Poison         3
   d - Ice Form                       Ice/Transmutation            4
   e - Blade Hands                    Transmutation                5
Comestibles
 c - a bread ration
 d - 3 chunks of flesh
 f - 2 meat rations
 k - a royal jelly


   Skills:
 + Level 4.1 Fighting
 * Level 4.5 Axes
 + Level 0.2 Armour
 + Level 2.5 Dodging
 - Level 1.6 Stealth


You had one spell level left.
You didn't know any spells.

Dungeon Overview and Level Annotations

Branches:
Dungeon (2/15)

Altars:


Innate Abilities, Weirdness & Mutations

You have sharp toenails.
Your natural rate of healing is unusually fast.
You are weak. (Str -2)


Message History

You feel sick.
It was a potion of mutation.
You feel extremely strange.
You begin to heal more quickly.
You feel weaker.
Your toenails lengthen and sharpen.
You feel sick. The adder bites you but does no damage.
It was a potion of flight.
You feel very buoyant.
You fly up into the air.
The adder closely misses you. x2
The adder bites you.
* * * LOW HITPOINT WARNING * * *
You are lethally poisoned!
The adder poisons you!
As you read the scroll labeled VOMAWN MAVIFEPP, it crumbles to dust.
It is a scroll of identify.
g - 2 scrolls of enchant weapon
* * * LOW HITPOINT WARNING * * *
You feel sick. The adder bites you.
* * * LOW HITPOINT WARNING * * *
The adder barely misses you. The adder bites you.
You die...

#.......## #.###....#
.>.......###........#
.............##.....#
...........#..).....#
....(....#....#######
..............#
..........<...#####
........###.......#
......... ##@.....#
......... #SS....#
)......... #......#
########.. #......#
.#.#......#
#.#.#.###### #......#
###....# ##...#


You could see 2 adders.

Vanquished Creatures
  A dart slug (D:2)
  A giant cockroach (D:2)
  3 goblins
  A hobgoblin (D:1)
  A bat (D:1)
  2 frilled lizards
  7 kobolds (D:1)
  5 rats (D:1)
21 creatures vanquished.

Notes
Turn   | Place    | Note
-------+----------+-------------------------------------------
     0 | D:1      | LORDOFBUTT the Hill Orc Monk began the quest for the Orb.
     0 | D:1      | Reached XP level 1. HP: 19/19 MP: 1/1
   161 | D:1      | Reached XP level 2. HP: 11/27 MP: 2/2
   750 | D:2      | Gained mutation: Your natural rate of healing is unusually fast. [potion of mutation]
   750 | D:2      | Gained mutation: You are weak. (Str -2) [potion of mutation]
   750 | D:2      | Gained mutation: You have sharp toenails. [potion of mutation]
   752 | D:2      | Slain by an adder

Skill      XL: |  1  2 |
---------------+-------+-----
Fighting       | 4 |  4.1
Axes           | |  4.5
Armour         | |  0.2
Dodging        | |  2.5
Stealth        | |  1.6

Action                   || total
-------------------------++-------
Melee: Hand axe          ||    70
  Use: Potion            ||     2
       Scroll            ||     1
 Stab: Sleeping          ||     3
       Distracted        ||     1
Armor: Robe              ||     2
Dodge: Dodged            ||    37
